 Dungeon Crawl Stone Soup version 0.29.0-11-gd7f09526c8 (webtiles) character file.

Game seed: 6427426886285080566

3024 bande the Cleaver (level 9, -3/79 HPs)
             Began as a Hill Orc Fighter on Sept 6, 2022.
             Killed from afar by an acid dragon (31 damage)
             ... with a splash of acid
             ... on level 8 of the Dungeon.
             The game lasted 00:12:55 (8184 turns).

bande the Cleaver (Hill Orc Fighter)                Turns: 8184, Time: 00:12:55

Health: -3/79      AC: 13    Str: 19    XL:     9   Next: 85%
Magic:  9/9        EV:  5    Int:  8    God:
Gold:   477        SH:  5    Dex: 14    Spells: 8/8 levels left

rFire   . . .      SeeInvis .   a - +0 war axe
rCold   . . .      Faith    .   c - +0 buckler
rNeg    + . .      Spirit   .   x - +0 plate armour
rPois   .          Reflect  .   (no helmet)
rElec   .          Harm     .   r - +0 cloak
rCorr   .          Rampage  .   l - +0 pair of gloves
Will    .....                   e - +0 pair of boots
Stlth   ..........              (no amulet)
HPRegen 0.23/turn               q - ring of positive energy
MPRegen 0.11/turn               (no ring)

@: corroded
A: no striking features
a: no special abilities


You were on level 8 of the Dungeon.
You visited 1 branch of the dungeon, and saw 8 of its levels.

You collected 477 gold pieces.

Inventory:

Hand Weapons
 a - a +0 war axe (weapon)
 s - a +2 flail of draining
Missiles
 y - a throwing net (quivered)
Armour
 c - a +0 buckler (worn)
 e - a +0 pair of boots (worn)
 l - a +0 pair of gloves (worn)
 r - a +0 cloak (worn)
 x - a +0 plate armour (worn)
Jewellery
 p - a ring of ice
 q - a ring of positive energy (left hand)
Wands
 k - a wand of flame (9)
 o - a wand of paralysis (16)
Scrolls
 b - 3 scrolls of identify
 f - a scroll of fear
 g - 3 scrolls of magic mapping
 m - 2 scrolls of teleportation
 n - 5 scrolls of amnesia
Potions
 d - 2 potions of might
 h - a potion of heal wounds
 i - a potion of cancellation
 j - 2 potions of curing
 t - a potion of ambrosia
 u - 2 potions of brilliance
 v - a potion of flight
 w - a potion of haste


   Skills:
 + Level 7.2 Fighting
 + Level 11.3 Axes
 + Level 7.5 Armour
 + Level 4.9 Shields
 * Level 5.3 Evocations


You had 8 spell levels left.
You didn't know any spells.
Your spell library contained the following spells:

 Spells                   Type           Power      Damage    Failure   Level
 Dazzling Flash           Conj/Hex       0%         N/A       100%        3
 Animate Dead             Necr           0%         N/A       100%        4
 Iskenderun's Mystic Bla  Conj/Tloc      0%         2d3       100%        4
 Borgnjor's Vile Clutch   Necr/Erth      0%         N/A       100%        5
 Death Channel            Necr           0%         N/A       100%        6
 Starburst                Conj/Fire      0%         6d3       100%        6


Dungeon Overview and Level Annotations

Branches:
Dungeon (8/15)             Temple (0/1) D:6
   Lair: D:8-11

Altars:
Cheibriados
Dithmenos
Fedhas
Kikubaaqudgha
Nemelex Xobeh
Ru
Trog
Xom

Shops:
D:6 *

Annotations:
D:5 2 transporters, Tollund's ghost, amateur VSBr


Message History

The acid corrodes you! The orc hits you but does no damage.
You hit the acid dragon but do no damage.
The acid dragon is moderately wounded.
You hit the orc but do no damage. You block the acid dragon's attack.
The acid dragon barely misses you. The orc hits you but does no damage.
You hit the acid dragon but do no damage.
The acid dragon is moderately wounded.
You hit the orc but do no damage. You block the acid dragon's attack.
The acid dragon claws you but does no damage.
You block the orc's attack.
You hit the acid dragon but do no damage.
The acid dragon is moderately wounded.
You hit the orc. The acid dragon bites you.
The acid dragon claws you but does no damage.
The orc barely misses you.
You hit the orc but do no damage.
The orc is severely wounded.
You hit the acid dragon. The acid dragon bites you. The acid dragon claws you.
The orc hits you with a +0 falchion.
You are too injured to fight recklessly!
You are too injured to fight recklessly!
You are too injured to fight recklessly!
Unknown command.
You barely miss the orc.
The orc is severely wounded.
You hit the acid dragon but do no damage.
The acid dragon bites you! The acid dragon claws you.
The orc barely misses you.
You hit the orc.
You kill the orc!
You hit the acid dragon. The acid dragon barely misses you.
The acid dragon claws you but does no damage.
You barely miss the acid dragon.
The acid dragon is severely wounded.
The acid dragon bites you. The acid dragon completely misses you.
You hit the acid dragon.
The acid dragon is almost dead.
The acid dragon spits acid at you. The splash of acid hits you!!
You die...

........##..####.##..~≈
#######.##.......##..~≈
#.##.########.#.~ ###
#...........#.### ...
####.######.#. #.# #.#
#. ####..### #.# #.#
#.....))###.#.....
#......@..........<
#.....D##.#.##....#
#...... #..... ....
#)..... ###.$## ###
#...... ##.# #......
... #...... #...
....... #..


You could see an acid dragon (catching breath).

Vanquished Creatures
  3 yaks (D:8)
  2 vampire mosquitoes (D:7)
  3 ice beasts (D:7)
  2 sky beasts
  An ogre (D:4)
  3 black bears
  A centaur (D:5)
  A kobold brigand (D:7)
  A bullfrog (D:7)
  4 necrophages
  4 scorpions
  4 wights (D:7)
  4 killer bees (D:8)
  A gnoll bouda (D:5)
  A jelly (D:5)
  Crazy Yiuf (D:5)
  3 hounds
  Jessica (D:2)
  An iguana (D:5)
  3 gnolls (D:5)
  7 adders
  A white imp (D:7)
  2 ufetubi
  4 dart slugs
  12 orcs
  13 endoplasms
  4 giant cockroaches
  7 goblins
  9 hobgoblins
  4 jackals (D:1)
  14 kobolds
  5 quokkas
  12 ball pythons
  9 bats
  2 frilled lizards
  5 rats
154 creatures vanquished.

Vanquished Creatures (others)
  7 plants
7 creatures vanquished.

Grand Total: 161 creatures vanquished

Notes
Turn   | Place    | Note
-------+----------+-------------------------------------------
     0 | D:1      | bande the Hill Orc Fighter began the quest for the Orb.
     0 | D:1      | Reached XP level 1. HP: 19/19 MP: 1/1
   177 | D:1      | Reached XP level 2. HP: 27/27 MP: 2/2
   204 | D:1      | Reached skill level 3 in Axes
   532 | D:1      | Reached XP level 3. HP: 33/33 MP: 3/3
   567 | D:1      | Found a faded altar of an unknown god.
  1245 | D:2      | Reached skill level 4 in Axes
  1259 | D:2      | Reached XP level 4. HP: 40/40 MP: 4/4
  1452 | D:2      | Noticed Jessica
  1455 | D:2      | Killed Jessica
  1702 | D:3      | Reached skill level 5 in Axes
  1869 | D:3      | Reached XP level 5. HP: 46/47 MP: 5/5
  2421 | D:4      | Noticed a black bear
  2432 | D:4      | Killed a black bear
  2433 | D:4      | Reached skill level 1 in Evocations
  2433 | D:4      | Reached XP level 6. HP: 41/53 MP: 6/6
  2583 | D:4      | Found the +5 robe of Night {Dark Will+ SInv}
  2703 | D:4      | Found an ancient bone altar of Kikubaaqudgha.
  2889 | D:4      | Identified the +8 long sword "Intuewir" {drain, rF+}
  2943 | D:4      | Identified the +3 leather armour of Privacy {Regen+ Str+3
                  | Int+4}
  2970 | D:4      | Reached skill level 6 in Axes
  3511 | D:5      | Entered Level 5 of the Dungeon
  3525 | D:5      | Found a shadowy altar of Dithmenos.
  3624 | D:5      | Reached XP level 7. HP: 41/60 MP: 7/7
  4065 | D:5      | Reached skill level 5 in Armour
  4308 | D:5      | Reached skill level 7 in Axes
  4341 | D:5      | Found a transporter.
  4403 | D:5      | Found a transporter.
  4404 | D:5      | Noticed Tollund's ghost (amateur VSBr)
  4478 | D:5      | Reached skill level 5 in Fighting
  4653 | D:5      | Found a blossoming altar of Fedhas.
  4676 | D:5      | Reached XP level 8. HP: 63/68 MP: 8/8
  4898 | D:5      | Found a runed translucent door.
  4899 | D:5      | Noticed Crazy Yiuf
  5063 | D:5      | Killed Crazy Yiuf
  5119 | D:6      | Found Numed's Assorted Antiques.
  5290 | D:6      | Reached skill level 8 in Axes
  5620 | D:6      | Found a staircase to the Ecumenical Temple.
  6233 | D:7      | Reached skill level 9 in Axes
  6376 | D:7      | Reached XP level 9. HP: 60/75 MP: 9/9
  6446 | D:7      | Reached skill level 10 in Axes
  7464 | D:7      | Found a bloodstained altar of Trog.
  7464 | D:7      | Found a faded altar of an unknown god.
  7472 | D:7      | Found a shimmering altar of Xom.
  7474 | D:7      | Found a sparkling altar of Nemelex Xobeh.
  7476 | D:7      | Found a sacrificial altar of Ru.
  7523 | D:8      | Found a snail-covered altar of Cheibriados.
  7577 | D:8      | Reached skill level 5 in Evocations
  7583 | D:8      | Reached skill level 11 in Axes
  8184 | D:8      | Killed from afar by an acid dragon

Illustrated notes

Levels and vault maps discovered:
D:1:      erik_arrival_triangle_medium, layout_basic, basic_ecumenical_altar
D:2:      layout_rooms, st_stairs_1, minmay_domino_2, uniq_jessica
D:3:      layout_loops_ring, serial_bayou_ford_a
D:4:      layout_gridville, kiku_gazebo_garden_becter
D:5:      layout_loops_ring, gammafunk_ghost_gnarly_gnolls,
          hangedman_feature_mirror, hangedman_abyss_or_decor_passed,
          kennysheep_small_spiral, uniq_crazy_yiuf_cottage
D:6:      layout_basic, temple_doors_e, serial_shops, nicolae_shop_hallway_plus
D:7:      layout_rooms, chequers_temple_overflow_minitemple
D:8:      layout_basic, kennysheep_slug_shrine

Skill      XL: |  1  2  3  4  5  6  7  8  9 |
---------------+----------------------------+-----
Axes           | 3 4 5 6 7 9 11 | 11.3
Fighting       | 4 5 6 7 |  7.2
Armour         | 4 5 6 7 |  7.5
Evocations     | 1 2 3 4 5 |  5.3
Shields        | 4 |  4.9

Action                   |  1- 3 |  4- 6 |  7- 9 || total
-------------------------+-------+-------+-------++-------
Melee: War axe           |   115 |   136 |   281 ||   532
  Use: Scroll            |     4 |     5 |     7 ||    16
       Potion            |       |       |     3 ||     3
Armor: Scale mail        |    29 |       |       ||    29
       Chain mail        |    48 |    67 |    88 ||   203
       Plate armour      |       |       |   135 ||   135
Dodge: Dodged            |    51 |    41 |   121 ||   213
Block: Buckler           |    15 |    31 |    71 ||   117
